 Dungeon Sprint DCSS version 0.28-a0-239-g68911e0c57 (webtiles) character file.

Game seed: 5594880420139130435

52979 MikeHunt the End of an Era (level 14, 0/126 HPs)
             Began as a Demonspawn Fighter on Aug 24, 2021.
             Was the Champion of Qazlal.
             Succumbed to Aizul's bolt of poison
             ... in the Dungeon (Sprint VII: "The Pits").
             The game lasted 00:18:19 (4341 turns).

MikeHunt the End of an Era (Demonspawn Fighter)     Turns: 4341, Time: 00:18:20

Health: 0/126      AC: 19    Str: 17    XL:     14   Next: 29%
Magic:  29/36      EV: 16    Int: 10    God:    Qazlal [******]
Gold:   21         SH: 23    Dex: 21    Spells: 7/13 levels left

rFire   + . .      SeeInvis +     - Unarmed
rCold   + . .      Faith    .   b - +0 kite shield
rNeg    . . .      Spirit   .   o - +3 plate armour
rPois   .          Reflect  .   q - +0 hat {SInv}
rElec   +          Harm     .   (no cloak)
rCorr   +          Rampage  .   (no gloves)
Will    ++...      NoTele   +   (boots unavailable)
Stlth   ..........              C - amulet "Haiciq" {rElec Regen+ rCorr}
HPRegen 1.31/turn               l - ring of the Frog {rF+ Dex+4}
MPRegen 0.25/turn               m - ring "Kab Ciam" {rC+ Will+ MP+9}

@: lethally poisoned (0 -> -24), repel missiles
A: hooves 3, repulsion field 2, demonic magic 1
a: Renounce Religion, Upheaval, Elemental Force, Disaster Area


You were in the Dungeon.
You worshipped Qazlal.
Qazlal was exalted by your worship.
You visited 1 branch You collected 21 gold pieces.

Inventory:

Armour
 a - a +0 scale mail
 b - a +0 kite shield (worn)
 k - a +3 scale mail of willpower
 o - a +3 plate armour (worn)
 p - a +4 chain mail
 q - a +0 hat of see invisible (worn)
Jewellery
 l - the ring of the Frog (left hand) {rF+ Dex+4}
   (You found it in the Dungeon)

   [ring of protection from fire]

   Dex:       It affects your dexterity (+4).
   rF:        It protects you from fire.
 m - the ring "Kab Ciam" (right hand) {rC+ Will+ MP+9}
   (You found it in the Dungeon)

   [ring of protection from cold]

   rC:        It protects you from cold.
   MP:        It affects your magic capacity (+9).
   Will:      It increases your willpower.
 C - the amulet "Haiciq" (around neck) {rElec Regen+ rCorr}
   (You found it in the Dungeon)

   [amulet of regeneration]

   rElec:     It insulates you from electricity.
   Regen:     It increases your rate of health regeneration.
   rCorr:     It protects you from acid and corrosion.
Wands
 x - a wand of acid (8)
Scrolls
 r - 5 scrolls of identify
 s - 6 scrolls of enchant weapon
 t - 4 scrolls of enchant armour
 u - 3 scrolls of fog
 z - a scroll of acquirement
Potions
 c - 2 potions of might
 d - 6 potions of curing
 e - 17 potions of heal wounds
 f - 8 potions of haste
 g - 7 potions of magic
 h - 2 potions of berserk rage
 j - 2 potions of invisibility
 n - a potion of brilliance
 A - 2 potions of mutation
Miscellaneous
 y - a piece from Xom's chessboard (15/15)


   Skills:
 + Level 16.4 Fighting
 + Level 15.2 Armour
 + Level 15.0 Dodging
 + Level 14.9 Shields
 + Level 16.5 Unarmed Combat
 + Level 18.9 Invocations


You had 7 spell levels left.
You knew the following spells:

 Your Spells              Type           Power      Damage    Failure   Level
a - Statue Form           Tmut/Erth      0%         N/A       100%        6

Your spell library contained the following spells:

 Spells                   Type           Power      Damage    Failure   Level
 Foxfire                  Conj/Fire      0%         2x1d4     99%         1
 Freeze                   Ice            0%         1d3       99%         1
 Shock                    Conj/Air       0%         1d3       99%         1
 Sting                    Tmut/Pois      0%         1d3       99%         1
 Poisonous Vapours        Pois/Air       0%         N/A       100%        2
 Conjure Flame            Conj/Fire      0%         6-21      100%        3
 Dazzling Flash           Conj/Hex       0%         N/A       100%        3
 Frozen Ramparts          Ice            0%         1d2       100%        3
 Gell's Gravitas          Tloc           0%         N/A       100%        3
 Ignite Poison            Fire/Tmut/Pois 0%         N/A       100%        3
 Inner Flame              Hex/Fire       0%         N/A       100%        3
 Mephitic Cloud           Conj/Pois/Air  0%         N/A       100%        3
 Swiftness                Air            0%         N/A       100%        3
 Airstrike                Air            0%         N/A       100%        4
 Cause Fear               Hex            0%         N/A       100%        4
 Hailstorm                Conj/Ice       0%         3d3       100%        4
 Iskenderun's Mystic Bla  Conj/Tloc      0%         2d3       100%        4
 Olgreb's Toxic Radiance  Pois           0%         N/A       100%        4
 Passage of Golubria      Tloc           N/A        N/A       100%        4
 Petrify                  Tmut/Erth      0%         N/A       100%        4
 Summon Ice Beast         Ice/Summ       0%         N/A       100%        4
 Blade Hands              Tmut           0%         N/A       100%        5
 Freezing Cloud           Conj/Ice/Air   0%         6-21      100%        5
 Irradiate                Conj/Tmut      0%         3d14      100%        5
 Lightning Bolt           Conj/Air       0%         1d11      100%        5
 Manifold Assault         Tloc           0%         N/A       100%        5
 Metabolic Englaciation   Hex/Ice        0%         N/A       100%        5
 Simulacrum               Ice/Necr       0%         N/A       100%        6
 Starburst                Conj/Fire      0%         6d3       100%        6
 Dragon Form              Tmut           0%         N/A       100%        7
 Malign Gateway           Summ/Tloc      0%         N/A       100%        7
 Ozocubu's Refrigeration  Ice            0%         4d5       100%        7
 Storm Form               Tmut/Air       0%         N/A       100%        7
 Discord                  Hex            0%         N/A       100%        8
 Ignition                 Fire           0%         3d3       100%        8
 Necromutation            Tmut/Necr      0%         N/A       100%        8
 Summon Horrible Things   Summ           0%         N/A       100%        8


Dungeon Overview and Level Annotations

Branches:
Dungeon (1/1)

Altars:
Ashenzari
Cheibriados
Dithmenos
Elyvilon
Fedhas
Gozag
Hepliaklqana
Kikubaaqudgha
Makhleb
Nemelex Xobeh
Okawaru
Qazlal
Ru
Sif Muna
Trog
Uskayaw
Vehumet
Wu Jian
Xom
Yredelemnul
Zin
The Shining One
Beogh
Jiyva
Lugonu

Annotations:
D Aizul


Innate Abilities, Weirdness & Mutations

You have hooves in place of feet.
You are surrounded by a moderate repulsion field. (EV +3)
Spells you cast may paralyse adjacent enemies.


Message History

Aizul says, "Feeling sleepy?"
A great orb of eyes comes into view.
You hear a shout!
Aiming: Upheaval
Press: ? - help, Dir - move target, f/p - Aizul
Aim: Aizul (freezing vapour, moderately wounded)
The ground shakes violently, spewing rubble!
The blast of rubble hits Aizul!!
Aizul is heavily wounded.
You feel very sick.
You hear a shout!
Aizul is engulfed in freezing vapours.
Aizul moans, "No job prospects!
Who wants sleepy Aizul to guard their treasure?"
Aizul coils herself and waves her upper body at you.
The bolt of poison hits you!!
You are more poisoned.
* * * LOW HITPOINT WARNING * * *
Aiming: Upheaval
Press: ? - help, Dir - move target, f/p - Aizul
Aim: Aizul (heavily wounded) That beam is likely to hit you.
Continue anyway?
Okay, then.
Unknown command.
You feel better.
Aizul coils herself and waves her upper body at you.
The bolt of poison hits you!!
You are poisoned.
* * * LOW HITPOINT WARNING * * *
You feel much better.
You feel very sick.
Aizul hisses menacingly.
Aizul coils herself and waves her upper body at you.
The bolt of poison hits you!!
You are more poisoned.
* * * LOW HITPOINT WARNING * * *
Okay, then.
Blink to where?
Press: ? - help, Dir - move target, p - Aizul
As you read the scroll of blinking, it crumbles to dust.
You die...

.+ .+ .# .# .# .# .#
#++####################
.#
#....(..)..§.○.G.......
.#
#....)@.....☼§S.o....).
.#
#..##############o.####
.# #..# ....# ## #..#
....# ## #..# ....# .#
#..# ..### .# #..# ...
.# #..#


.oo .##########..# There were no monsters in sight!

Vanquished Creatures
  2 liches (D)
  A deep elf master archer (D)
  A sphinx (D)
  Gastronok (D)
  A shadow dragon (D)
  A draconian monk (D)
  3 nagarajas (D)
  2 deep elf sorcerers (D)
  A draconian annihilator (D)
  A deep elf demonologist (D)
  A vampire knight (D)
  A black draconian (D)
  A deep elf annihilator (D)
  An eidolon (D)
  3 deep elf death magi (D)
  A mummy priest (D)
  A deep elf high priest (D)
  A naga warrior (D)
  A vault guard (D)
  A rakshasa (D)
  3 ogre magi (D)
  5 two-headed ogres (D)
  A death knight (D)
  A vampire mage (D)
  A naga sharpshooter (D)
  Sonja (D)
  A cherub (D)
  3 spriggan druids (D)
  A bog body (D)
  2 deep elf pyromancers (D)
  2 deep elf zephyrmancers (D)
  A necromancer (D)
  A salamander (D)
  A moth of wrath (D)
  5 black mambas (D)
  2 molten gargoyles (D)
  3 naga magi (D)
  An orange demon (D)
  An elephant (D)
  A gargoyle (D)
  2 cane toads (D)
  A komodo dragon (D)
  A rime drake (D)
  3 ice devils (D)
  A red devil (D)
  A hellwing (D)
  A jumping spider (D)
  A polar bear (D)
  A troll (D)
  A tyrant leech (D)
  A hornet (D)
  A wandering mushroom (D)
  2 snapping turtles (D)
  2 redbacks (D)
  A spriggan (D)
  A flying skull (D)
  A shadow (D)
  An air elemental (D)
  A ynoxinul (D)
  A fire elemental (D)
  2 wyverns (D)
  2 wargs (D)
  3 nagas (D)
  2 floating eyes (D)
  A sky beast (D)
  An ice beast (D)
  An ogre (D)
  3 wolves (D)
  A phantom (D)
  A bullfrog (D)
  A scorpion (D)
  A crimson imp (D)
  A quasit (D)
  2 gnoll shamans (D)
  3 orc priests (D)
  2 orc wizards (D)
  Ijyb (D)
  Terence (D)
  A mummy (D)
  11 gnolls (D)
  An adder (D)
  2 river rats (D)
  An ufetubus (D)
  An adder simulacrum (D)
  3 orcs (D)
  2 bats (D)
  2 bat skeletons (D)
  A bat zombie (D)
  A goblin (D)
  2 hobgoblins (D)
  2 ball pythons (D)
  A ball python zombie (D)
  2 frilled lizards (D)
  A quokka skeleton (D)
  A quokka zombie (D)
152 creatures vanquished.

Notes
Turn   | Place    | Note
-------+----------+-------------------------------------------
     0 | D        | MikeHunt the Demonspawn Fighter began the quest for the
                  | Orb.
     0 | D        | Reached XP level 1. HP: 18/18 MP: 1/1
     8 | D        | Noticed a floating eye
    13 | D        | Paralysed by a floating eye for 2 turns
    17 | D        | Paralysed by a floating eye for 3 turns
    22 | D        | Paralysed by a floating eye for 2 turns
    24 | D        | Killed a floating eye
    25 | D        | Gained mutation: You have large cloven feet. [demonic
                  | ancestry]
    25 | D        | Reached XP level 2. HP: 24/24 MP: 2/2
    25 | D        | Reached XP level 3. HP: 29/29 MP: 3/3
    25 | D        | Gained mutation: Spells you cast may paralyse adjacent
                  | enemies. [demonic ancestry]
    25 | D        | Reached XP level 4. HP: 35/35 MP: 4/4
    28 | D        | Found a bloodstained altar of Trog.
    28 | D        | Found a shimmering blue altar of Sif Muna.
    28 | D        | Found a viscous altar of Jiyva.
    28 | D        | Found a hazy altar of Hepliaklqana.
    28 | D        | Found an opulent altar of Gozag.
    29 | D        | Found a basalt altar of Yredelemnul.
    29 | D        | Found a shimmering altar of Xom.
    29 | D        | Found an ornate altar of the Wu Jian Council.
    29 | D        | Found a sacrificial altar of Ru.
    29 | D        | Found a stormy altar of Qazlal.
    29 | D        | Found an iron altar of Okawaru.
    29 | D        | Found a sparkling altar of Nemelex Xobeh.
    29 | D        | Found a burning altar of Makhleb.
    29 | D        | Found a blossoming altar of Fedhas.
    29 | D        | Found a shadowy altar of Dithmenos.
    29 | D        | Found a snail-covered altar of Cheibriados.
    30 | D        | Found a radiant altar of Vehumet.
    30 | D        | Found a corrupted altar of Lugonu.
    31 | D        | Found a hide-covered altar of Uskayaw.
    31 | D        | Found an ancient bone altar of Kikubaaqudgha.
    31 | D        | Found a broken altar of Ashenzari.
    34 | D        | Became a worshipper of Qazlal Stormbringer
   190 | D        | Reached * piety under Qazlal
   192 | D        | Gained mutation: You have hoof-like feet. [demonic
                  | ancestry]
   192 | D        | Reached XP level 5. HP: 41/41 MP: 5/5
   296 | D        | Noticed a floating eye
   297 | D        | Paralysed by a floating eye for 2 turns
   303 | D        | Paralysed by a floating eye for 3 turns
   306 | D        | Killed a floating eye
   307 | D        | Reached skill level 5 in Shields
   307 | D        | Reached skill level 10 in Unarmed Combat
   310 | D        | Noticed a warg
   319 | D        | Killed a warg
   319 | D        | Reached ** piety under Qazlal
   320 | D        | Reached skill level 4 in Invocations
   320 | D        | Reached XP level 6. HP: 47/47 MP: 5/9
   399 | D        | Reached *** piety under Qazlal
   402 | D        | Reached skill level 5 in Invocations
   423 | D        | Reached **** piety under Qazlal
   458 | D        | Reached skill level 6 in Invocations
   465 | D        | Noticed an ice beast
   478 | D        | Reached ***** piety under Qazlal
   480 | D        | Killed an ice beast
   481 | D        | Reached skill level 7 in Invocations
   481 | D        | Reached XP level 7. HP: 43/52 MP: 3/12
   582 | D        | Noticed a cane toad
   582 | D        | Noticed a deep elf zephyrmancer
   584 | D        | Reached ****** piety under Qazlal
   585 | D        | Reached skill level 8 in Invocations
   586 | D        | Killed a cane toad
   587 | D        | Reached skill level 9 in Invocations
   587 | D        | Gained mutation: You are surrounded by a mild repulsion
                  | field. (EV +2) [demonic ancestry]
   587 | D        | Reached XP level 8. HP: 43/58 MP: 0/15
   592 | D        | Killed a deep elf zephyrmancer
   593 | D        | Reached skill level 10 in Invocations
   677 | D        | Noticed a komodo dragon
   690 | D        | Reached skill level 11 in Invocations
   695 | D        | Killed a komodo dragon
   696 | D        | Reached skill level 10 in Shields
   713 | D        | Noticed a two-headed ogre
   714 | D        | Noticed Ijyb
   716 | D        | Noticed a flying skull
   717 | D        | Killed a two-headed ogre
   718 | D        | Reached skill level 12 in Invocations
   718 | D        | Reached XP level 9. HP: 63/63 MP: 3/18
   724 | D        | Reached skill level 13 in Invocations
   733 | D        | Killed Ijyb
   771 | D        | Noticed a bog body
   778 | D        | Killed a bog body
   856 | D        | Noticed a molten gargoyle
   856 | D        | Noticed a deep elf pyromancer
   856 | D        | Noticed a polar bear
   861 | D        | Killed a molten gargoyle
   862 | D        | Reached skill level 14 in Invocations
   864 | D        | Killed a deep elf pyromancer
   865 | D        | Reached XP level 10. HP: 61/70 MP: 11/20
   991 | D        | Noticed a cane toad
   995 | D        | Killed a cane toad
   996 | D        | Reached skill level 15 in Invocations
   997 | D        | Noticed a black mamba
  1011 | D        | Killed a black mamba
  1227 | D        | Noticed Terence
  1229 | D        | Killed Terence
  1230 | D        | Noticed a black mamba
  1241 | D        | Killed a black mamba
  1407 | D        | Noticed an orange demon
  1407 | D        | Noticed a molten gargoyle
  1407 | D        | Noticed Gastronok
  1407 | D        | Noticed a salamander
  1410 | D        | Killed a molten gargoyle
  1411 | D        | Reached skill level 16 in Invocations
  1412 | D        | Killed a salamander
  1413 | D        | Reached skill level 15 in Unarmed Combat
  1414 | D        | Killed an orange demon
  1414 | D        | Killed Gastronok
  1415 | D        | Reached skill level 17 in Invocations
  1415 | D        | Reached XP level 11. HP: 59/75 MP: 2/23
  1606 | D        | Reached skill level 1 in Dodging
  1630 | D        | Paralysed by an air elemental for 1 turns
  1685 | D        | Noticed a deep elf zephyrmancer
  1690 | D        | Killed a deep elf zephyrmancer
  1691 | D        | Reached skill level 5 in Fighting
  1779 | D        | Noticed Sonja
  1780 | D        | Killed Sonja
  1781 | D        | Reached skill level 5 in Armour
  1788 | D        | Noticed a naga warrior
  1830 | D        | Killed a naga warrior
  1831 | D        | Reached skill level 5 in Dodging
  2238 | D        | Noticed a vampire knight
  2257 | D        | Killed a vampire knight
  2509 | D        | Noticed a naga sharpshooter
  2515 | D        | Killed a naga sharpshooter
  2641 | D        | Noticed a death knight
  2652 | D        | Killed a death knight
  2653 | D        | Reached XP level 12. HP: 78/95 MP: 24/24
  2921 | D        | Noticed a vault guard
  2921 | D        | Noticed a deep elf master archer
  2921 | D        | Noticed a deep elf high priest
  2922 | D        | Noticed a sphinx
  2923 | D        | Noticed a nagaraja
  2924 | D        | Noticed a white draconian monk
  2927 | D        | Killed a vault guard
  2929 | D        | Killed a deep elf master archer
  2930 | D        | Reached skill level 10 in Fighting
  2930 | D        | Killed a deep elf high priest
  2930 | D        | Noticed an ogre mage
  2931 | D        | Reached skill level 10 in Armour
  2931 | D        | Killed a white draconian monk
  2932 | D        | Reached skill level 10 in Dodging
  2935 | D        | Killed a nagaraja
  2936 | D        | Killed an ogre mage
  2936 | D        | Killed a sphinx
  2936 | D        | Noticed a deep elf death mage
  2948 | D        | Killed a deep elf death mage
  3060 | D        | Noticed an eidolon
  3074 | D        | Killed an eidolon
  3075 | D        | Gained mutation: You have hooves in place of feet. [demonic
                  | ancestry]
  3075 | D        | Reached XP level 13. HP: 44/111 MP: 13/25
  3088 | D        | Noticed a mummy priest
  3111 | D        | Killed a mummy priest
  3313 | D        | Noticed a deep elf sorcerer
  3316 | D        | Killed a deep elf sorcerer
  3418 | D        | Noticed a nagaraja
  3424 | D        | Killed a nagaraja
  3425 | D        | Reached skill level 15 in Fighting
  3494 | D        | Noticed a deep elf demonologist
  3496 | D        | Noticed a white draconian annihilator
  3499 | D        | Noticed a deep elf sorcerer
  3500 | D        | Killed a deep elf demonologist
  3503 | D        | Killed a white draconian annihilator
  3503 | D        | Killed a deep elf sorcerer
  3638 | D        | Noticed a deep elf death mage
  3648 | D        | Killed a deep elf death mage
  3664 | D        | Reached skill level 18 in Invocations
  3667 | D        | Noticed a nagaraja
  3668 | D        | Noticed a deep elf annihilator
  3669 | D        | Noticed a lich
  3670 | D        | Killed a deep elf annihilator
  3670 | D        | Killed a nagaraja
  3671 | D        | Gained mutation: You are surrounded by a moderate repulsion
                  | field. (EV +3) [demonic ancestry]
  3671 | D        | Reached XP level 14. HP: 100/124 MP: 18/27
  3674 | D        | Killed a lich
  3812 | D        | Noticed a lich
  3822 | D        | Killed a lich
  3823 | D        | Reached skill level 15 in Armour
  3849 | D        | Noticed a shadow dragon
  3864 | D        | Killed a shadow dragon
  4091 | D        | Reached skill level 15 in Dodging
  4132 | D        | Got Myte's Volume of Cold
  4137 | D        | Got Sif Muna's Incunabulum of the Quantum Glacier
  4143 | D        | Got the Disquisition on the Cloudy Snowflakes
  4147 | D        | Got the Incunabulum of Moulding and Cold
  4159 | D        | Got the Papyrus of Poisoning
  4161 | D        | Got the Almanac of the Traveller and the Snowflakes
  4173 | D        | Learned a level 6 spell: Statue Form
  4184 | D        | Got the amulet of the Priest {Regen+ Stlth+}
  4191 | D        | Got the ring "Onallage" {Ice Int+2 Dex-2 Slay+3}
  4194 | D        | Got the amulet of Rapudylis {Spirit Int+6}
  4197 | D        | Got the amulet "Suss" {Spirit Will+ Regen+ Dex+2}
  4201 | D        | Got the amulet "Lasoc" {Faith rPois}
  4204 | D        | Got the amulet "Isosam" {RegenMP rC+ Dex+6}
  4207 | D        | Got the amulet "Haiciq" {rElec Regen+ rCorr}
  4222 | D        | Got the ring "Rokiss" {*Corrode rPois rN+ Int+7 SInv}
  4225 | D        | Got the amulet of the Catfish {Faith rPois Str+4}
  4228 | D        | Got the amulet of Pergh {Spirit rF+ Str+3}
  4231 | D        | Got the amulet "Duph" {RegenMP Rampage rF+ Int+6}
  4235 | D        | Got the amulet "Fotor" {Reflect rN++ SH+5}
  4238 | D        | Got the amulet of Epiyvaph {RegenMP rElec rF+}
  4241 | D        | Got the ring of Supsiq {Fly rPois rN++ Str+4 Int-3}
  4244 | D        | Got the ring "Kab Ciam" {rC+ Will+ MP+9}
  4249 | D        | Got the ring of the Frog {rF+ Dex+4}
  4251 | D        | Got the ring "Ryodexzo" {Fire Str+4}
  4254 | D        | Got the ring of Sezianeh {rN+ Dex+6}
  4257 | D        | Got the ring "Vequcrull" {rC- rN+ Int+2 Dex+6}
  4260 | D        | Got the ring of the Elephant {rElec rPois rF+ MP-9 SInv}
  4263 | D        | Got the ring of Afepadyl {rF+ Dex+3}
  4266 | D        | Got the ring of Ziej {EV+6 Slay+3}
  4269 | D        | Got the ring "Akhure" {Wiz Drain *Slow Fly rPois}
  4272 | D        | Got the ring of Xuv Laosm {rPois rC+ rN+ Int+2}
  4275 | D        | Got the ring "Jaxaj" {Fire MP+9}
  4333 | D        | Noticed Aizul
  4341 | D        | Succumbed to Aizul's bolt of poison

Illustrated notes

Levels and vault maps discovered:
D:        pitsprint [storerooms_1, entrance_room_1, metal_vault_4, armoury_1,
          mini_pit_1, grid_room_1, main_hall_1, silver_pit, the_coven_2,
          the_vestibule_1, steel_vault_1, golden_pit, hallway_of_sentries,
          crystal_vault_4, iron_vault_5, final_vault]

Skill      XL: |  1  2  3  4  5  6  7  8  9 10 11 12 13 14 |
---------------+-------------------------------------------+-----
Unarmed Combat | 8 9 10 11 13 14 15 16 | 16.5
Shields        | 3 6 7 8 10 12 13 14 | 14.9
Invocations    | 4 7 9 12 14 17 18 | 18.9
Armour         | 8 12 14 15 | 15.2
Dodging        | 7 11 14 15 | 15.0
Fighting       | 9 13 15 16 | 16.4

Action                   |  1- 3 |  4- 6 |  7- 9 | 10-12 | 13-15 || total
-------------------------+-------+-------+-------+-------+-------++-------
Melee: Unarmed           |    11 |    50 |    66 |   134 |   109 ||   370
       Kick              |       |    12 |    16 |    55 |    47 ||   130
Invok: Upheaval          |       |     3 |    10 |    45 |    28 ||    86
  Use: Potion            |       |     2 |     2 |     3 |    10 ||    17
       Scroll            |       |       |       |     1 |     1 ||     2
Armor: Scale mail        |       |    13 |    31 |     8 |       ||    52
       Plate armour      |       |       |       |    15 |    18 ||    33
Dodge: Dodged            |       |     8 |    20 |    21 |    25 ||    74
Block: Kite shield       |       |    24 |    73 |   126 |   102 ||   325

Table legend: (Time is in decaauts)
 A = Elapsed time spent in this place.
 B = Non-inter-level travel time spent in this place.
 C = Inter-level travel time spent in this place.
 D = Time resting spent in this place.
 E = Time spent auto-exploring this place.
 F = Levels seen in this place.
 G = Mean time per level.
                   A        B        C        D        E       F      G
               +--------+--------+--------+--------+--------+-----+--------+
         Total |   4294 |   4249 |     45 |   2385 |      0 |   1 | 4294.0 |
       Dungeon |   4294 |   4249 |     45 |   2385 |      0 |   1 | 4294.0 |
               +--------+--------+--------+--------+--------+-----+--------+

Top non-repeatable levels by time:
       D: 4294 daAuts
